 Dungeon Crawl Stone Soup version 0.24.0-125-gc4c63601f3 (webtiles) character file.

Game seed: 168086953211101119, levelgen mode: deterministic

3806 shakethe the Fighter (level 9, -8/75 HPs)
             Began as a Demonspawn Fighter on Mar 17, 2020.
             Was a Follower of Makhleb.
             Mangled by a two-headed ogre
             ... wielding a +0 giant spiked club
              (13 damage)
             ... on level 7 of the Dungeon.
             The game lasted 00:18:22 (8114 turns).

shakethe the Fighter (Demonspawn Fighter)           Turns: 8114, Time: 00:18:23

Health: -8/75      AC:  9    Str: 16    XL:     9   Next: 96%
Magic:  9/9        EV:  8    Int: 14    God:    Makhleb [*.....]
Gold:   290        SH: 11    Dex: 12    Spells: 8/8 levels left

rFire    . . .     SeeInvis .   a - +0 long sword
rCold    . . .     Gourm    .   c - +0 shield
rNeg     . . .     Faith    .   b - +0 scale mail
rPois    .         Spirit   .   o - +1 helmet
rElec    .         Reflect  .   (no cloak)
rCorr    .         Harm     .   m - +0 pair of gloves
MR       .....                  (no boots)
Stlth    ..........             (no amulet)
HPRegen  0.22/turn              (no ring)
MPRegen  0.11/turn              (no ring)

@: no status effects
A: hooves 1, foul stench 1, spiny 2, rot immunity, sturdy frame 1
a: Renounce Religion


You were on level 7 of the Dungeon.
You worshipped Makhleb.
Makhleb was aware of your devotion.
You were hungry.

You visited 2 branches of the dungeon, and saw 9 of its levels.
You also visited: Sewer.

You collected 413 gold pieces.
You spent 123 gold pieces at shops.

Inventory:

Hand Weapons
 a - a +0 long sword (weapon)
Armour
 b - a +0 scale mail (worn)
 c - a +0 shield (worn)
 m - a +0 pair of gloves (worn)
 o - a +1 helmet (worn)
Wands
 B - a wand of acid (3)
 D - a wand of enslavement (6)
 E - a wand of random effects (17)
Scrolls
 e - 2 scrolls of enchant armour
 g - 2 scrolls of teleportation
 h - 3 scrolls of remove curse
 i - 2 scrolls of magic mapping
 k - 2 scrolls of fog
 n - a scroll of amnesia {unknown}
 s - 6 scrolls of identify
 x - 3 scrolls of blinking
 y - 2 scrolls of fear
 F - a scroll of noise {unknown}
Potions
 d - 2 potions of might
 j - a potion of cancellation
 l - a potion of curing
 p - a potion of heal wounds {unknown}
 q - a potion of invisibility {unknown}
 r - a potion of mutation {unknown}
 u - a potion of agility {unknown}
 w - 3 potions of brilliance
 A - a potion of magic {unknown}
 C - a potion of flight
Comestibles
 f - 19 rations


   Skills:
 - Level 8.5 Fighting
 + Level 8.0 Long Blades
 - Level 2.6 Armour
 + Level 8.2 Shields


You had 8 spell levels left.
You didn't know any spells.
Your spell library was empty.

Dungeon Overview and Level Annotations

Branches:
Dungeon (8/15)             Temple (1/1) D:5           Sewer (visited)
   Lair: D:8-11

Altars:
Ashenzari
Cheibriados
Dithmenos
Elyvilon
Hepliaklqana
Makhleb
Okawaru
Qazlal
Trog
Wu Jian
Xom
Zin

Shops:
D:5 ?   D:7 (   D:8 (


Innate Abilities, Weirdness & Mutations

You have large cloven feet.
You may emit foul miasma when damaged in melee.
You are mostly covered in sharp spines.
You are immune to rotting.
Your movements are slightly less encumbered by armour. (ER -2)


Message History

You block the orc wizard's attack.
The two-headed ogre is struck by your spines.
The two-headed ogre hits you with a +0 giant spiked club!
* * * LOW HITPOINT WARNING * * *
The two-headed ogre looks sick.
The two-headed ogre hits you with a +0 giant spiked club!
* * * LOW HITPOINT WARNING * * *
The orc wizard barely misses you.
You hit the orc wizard but do no damage.
The orc wizard is severely wounded.
The orc wizard is struck by your spines.
You kill the orc wizard!
Makhleb accepts your kill.
You feel better.
The orc wizard is struck by your spines.
You kill the orc wizard!
Makhleb accepts your kill. You block the two-headed ogre's attack.
The two-headed ogre hits you with a +0 giant spiked club!
You die...

#.............
####..###<#...... ###..#..#
####.>... ###.#....##
##.... ###.......#### #...#
###.##.......#.## ##..#
###.#..###.##.....### ##.#
#......†.)O)........####...
###.......@†..........#....
####.....).......##....#.
####.........###...##.
##........#.....##.
#....#.#....#...##
#..##.......###..#
####.......#####..
##......###....
#...........###


You could see a two-headed ogre.

Vanquished Creatures
  Harold (D:7)
  Pikel (D:4)
  A hippogriff (D:8)
  A spriggan (D:7)
  A warg (D:7)
  Duvessa (D:4)
  An orc warrior (D:7)
  A sky beast (D:7)
  3 black bears
  2 ogres
  2 centaurs
  A gnoll sergeant (D:6)
  A bullfrog (D:7)
  5 crimson imps
  3 howler monkeys (D:8)
  A bullfrog zombie (D:6)
  A quasit (D:5)
  4 hounds
  2 jellies
  4 orc priests
  7 orc wizards
  An iguana (D:3)
  Natasha (thrice) (D:4)
  A worker ant (D:7)
  A killer bee zombie (D:7)
  A hound zombie (D:5)
  A hound skeleton (D:5)
  A howler monkey zombie (D:5)
  Robin (D:2)
  4 gnolls (D:6)
  A howler monkey skeleton (D:5)
  8 adders
  A shadow imp (D:5)
  2 worms
  21 orcs
  3 giant cockroaches
  10 goblins
  8 hobgoblins
  6 jackals
  13 kobolds
  2 quokkas
  9 ball pythons
  A ball python skeleton (D:4)
  11 bats
  7 frilled lizards
  A giant cockroach zombie (D:6)
  A jackal zombie (D:3)
  7 rats
  2 plants (Sewer)
172 creatures vanquished.

Vanquished Creatures (others)
  2 slaves (D:4)
  Dowan (D:4)
  A worm (D:4)
  3 plants
7 creatures vanquished.

Grand Total: 179 creatures vanquished

Notes
Turn   | Place    | Note
-------+----------+-------------------------------------------
     0 | D:1      | shakethe the Demonspawn Fighter began the quest for the
                  | Orb.
     0 | D:1      | Reached XP level 1. HP: 18/18 MP: 1/1
   342 | D:1      | Gained mutation: You are immune to rotting. [demonic
                  | ancestry]
   342 | D:1      | Reached XP level 2. HP: 24/24 MP: 2/2
   924 | D:2      | Gained mutation: You are partially covered in sharp spines.
                  | [demonic ancestry]
   924 | D:2      | Reached XP level 3. HP: 8/29 MP: 3/3
   951 | D:2      | Found a hazy altar of Hepliaklqana.
  1264 | D:2      | Noticed Robin
  1271 | D:2      | Killed Robin
  1271 | D:2      | Gained mutation: Your movements are slightly less
                  | encumbered by armour. (ER -2) [demonic ancestry]
  1271 | D:2      | Reached XP level 4. HP: 19/35 MP: 4/4
  2259 | D:3      | Found a glowing drain.
  2273 | Sewer    | Entered a sewer
  3104 | D:3      | Found a burning altar of Makhleb.
  3106 | D:3      | Found a snail-covered altar of Cheibriados.
  3107 | D:3      | Found a shimmering altar of Xom.
  3136 | D:3      | Became a worshipper of Makhleb the Destroyer
  3343 | D:3      | Gained mutation: You are mostly covered in sharp spines.
                  | [demonic ancestry]
  3343 | D:3      | Reached XP level 5. HP: 39/41 MP: 5/5
  3664 | D:4      | Noticed Natasha
  3670 | D:4      | Killed Natasha
  3987 | D:4      | Noticed Natasha
  3990 | D:4      | Gained mutation: You have large cloven feet. [demonic
                  | ancestry]
  3990 | D:4      | Reached XP level 6. HP: 41/47 MP: 6/6
  3994 | D:4      | Killed Natasha
  4091 | D:4      | Found an ornate altar of the Wu Jian Council.
  4105 | D:4      | Noticed Natasha
  4111 | D:4      | Killed Natasha
  4111 | D:4      | Reached skill level 5 in Shields
  4201 | D:4      | Found a shadowy altar of Dithmenos.
  4240 | D:4      | Noticed a slave
  4240 | D:4      | Noticed a slave
  4241 | D:4      | Noticed Pikel
  4242 | D:4      | Noticed a slave
  4242 | D:4      | Noticed Duvessa
  4243 | D:4      | Noticed a slave
  4243 | D:4      | Noticed Dowan
  4260 | D:4      | Killed Pikel
  4260 | D:4      | Reached skill level 5 in Long Blades
  4260 | D:4      | Reached XP level 7. HP: 27/52 MP: 7/7
  4271 | D:4      | Killed Dowan
  4274 | D:4      | Killed Duvessa
  4529 | D:4      | Found a stormy altar of Qazlal.
  4531 | D:4      | Noticed an air elemental
  4532 | D:4      | Noticed a fire elemental
  4532 | D:4      | Noticed a water elemental
  4715 | D:5      | Entered Level 5 of the Dungeon
  4724 | D:5      | Found a shattered altar of Ashenzari.
  4807 | D:5      | Found a white marble altar of Elyvilon.
  4856 | D:5      | Reached XP level 8. HP: 29/59 MP: 8/8
  5104 | D:5      | Found a staircase to the Ecumenical Temple.
  5118 | Temple   | Entered the Ecumenical Temple
  5239 | D:5      | Found Kikhaoj's Magic Scroll Shop.
  5253 | D:5      | Bought a scroll of blinking for 97 gold pieces
  5253 | D:5      | Bought a scroll of identify for 26 gold pieces
  5433 | D:5      | Found a glowing silver altar of Zin.
  5877 | D:6      | Found an iron altar of Okawaru.
  5953 | D:6      | Reached skill level 5 in Fighting
  6127 | D:7      | Noticed Harold
  6140 | D:7      | Killed Harold
  6140 | D:7      | Gained mutation: You may emit foul miasma when damaged in
                  | melee. [demonic ancestry]
  6140 | D:7      | Reached XP level 9. HP: 24/71 MP: 9/9
  6149 | D:6      | Reached * piety under Makhleb
  6468 | D:7      | Found a bloodstained altar of Trog.
  6596 | D:7      | Found Xefiav's Weapon Shoppe.
  6618 | D:7      | You fall into a shaft and drop 1 floor!
  6618 | D:8      | Found Galen's Weapon Boutique.
  6618 | D:8      | Noticed a two-headed ogre
  8113 | D:7      | HP: 2/75 [two-headed ogre/+0 giant spiked club (15)]
  8114 | D:7      | Mangled by a two-headed ogre

Levels and vault maps discovered:
D:1:      nicolae_arrival_memento_mori, layout_rooms, minmay_misc_feat_ornament
D:2:      layout_basic, old_standard_altar, uniq_robin
D:3:      layout_basic, gammafunk_temple_overflow_forgotten,
          cheibrodos_sewer_entry_sluice
D:4:      layout_basic, old_standard_altar, nicolae_qazlal_style_of_elements,
          lemuel_doored_altar, kennysheep_generic_room_2, uniq_natasha,
          uniq_pikel, uniq_duvessa
D:5:      layout_basic, ashenzari_altar_1, minmay_temple_entry_gardened_gates,
          serial_shops, shop, first_ration, basic_altar, lemuel_tele_altar
D:6:      layout_basic, okawaru_trees_1
D:7:      layout_cave_pools, trog_ov_bears_minmay, serial_shops,
          kennysheep_mini_moat, the_bakery, uniq_harold
D:8:      layout_basic, erik_lair_orcish_takeover, serial_shops, shop,
          serial_bayou, serial_bayou_lagoon_a, serial_bayou_ford_a,
          serial_bayou_lake_a, serial_bayou_shore_b
Temple:   nicolae_temple_figure_zero

Skill      XL: |  1  2  3  4  5  6  7  8  9 |
---------------+----------------------------+-----
Long Blades    | 2 3 4 5 6 7 8 |  8.0
Shields        | 3 4 6 7 8 |  8.2
Fighting       | 6 8 |  8.5
Armour         | |  2.6

Action                   |  1- 3 |  4- 6 |  7- 9 || total
-------------------------+-------+-------+-------++-------
Melee: Long sword        |   162 |   239 |   227 ||   628
       Kick              |       |     6 |    65 ||    71
Evoke: Wand              |       |       |     8 ||     8
  Use: Potion            |     3 |       |     5 ||     8
       Scroll            |       |     4 |     4 ||     8
  Eat: Chunk             |     1 |     7 |    12 ||    20
       Ration            |       |     1 |       ||     1
Armor: Scale mail        |    96 |    70 |   105 ||   271
Dodge: Dodged            |    64 |    38 |    81 ||   183
Block: Shield            |    93 |    91 |   148 ||   332
       Rpst.: Long sword |    23 |    12 |    16 ||    51
